 Dungeon Crawl Stone Soup version 0.28-a0-957-g42eb19b844 (webtiles) character file.

Game seed: 12130640043905309837

46 kae the Skirmisher (level 3, -1/29 HPs)
             Began as a Demonspawn Abyssal Knight on Nov 30, 2021.
             Was a Believer of Lugonu.
             Slain by a worm (3 damage)
             ... on level 2 of the Dungeon.
             The game lasted 00:00:46 (2060 turns).

kae the Skirmisher (Demonspawn Abyssal Knight)      Turns: 2060, Time: 00:00:46

Health: -1/29      AC:  7    Str: 15    XL:     3   Next: 44%
Magic:  5/5        EV: 13    Int: 11    God:    Lugonu [**....]
Gold:   67         SH:  0    Dex: 13    Spells: 2/2 levels left

rFire   . . .      SeeInvis .   a - +1 mace
rCold   . . .      Faith    .   (no shield)
rNeg    . . .      Spirit   .   b - +1 leather armour
rPois   .          Reflect  .   c - +2 helmet
rElec   .          Harm     .   (no cloak)
rCorr   .          Rampage  .   (no gloves)
Will    .....                   (no boots)
Stlth   +.........              (no amulet)
HPRegen 0.09/turn               (no ring)
MPRegen 0.09/turn               (no ring)

@: no status effects
A: repulsion field 1, ignite blood 1
a: Renounce Religion, Depart the Abyss, Bend Space


You were on level 2 of the Dungeon.
You worshipped Lugonu.
Lugonu was pleased with you.
You visited 1 branch of the dungeon, and saw 2 of its levels.
You visited the Abyss 1 time.

You collected 67 gold pieces.

Inventory:

Hand Weapons
 a - a +1 mace (weapon)
Armour
 b - a +1 leather armour (worn)
 c - a +2 helmet (worn)
Scrolls
 e - a scroll of acquirement {unknown}
 h - a scroll of identify {unknown}
Potions
 d - a potion of haste {unknown}
 f - a potion of mutation {unknown}
 g - a potion of lignification {unknown}


   Skills:
 + Level 3.4 Fighting
 * Level 2.8 Maces & Flails
 - Level 1.7 Armour
 - Level 0.8 Dodging
 + Level 3.2 Invocations


You had 2 spell levels left.
You didn't know any spells.
Your spell library was empty.

Dungeon Overview and Level Annotations

Branches:
Dungeon (2/15)

Altars:


Innate Abilities, Weirdness & Mutations

You are surrounded by a mild repulsion field. (EV +2)
Your demonic aura sometimes causes spilled blood to erupt in flames.


Message History

An endoplasm is nearby!
Found a robe.
The endoplasm hits you but does no damage.
An endoplasm is nearby!
You hit the endoplasm.
The endoplasm is moderately wounded.
The endoplasm hits you. x2
You hit the endoplasm.
The endoplasm is severely wounded.
The endoplasm barely misses you.
An endoplasm is nearby!
You sock the endoplasm!
You kill the endoplasm!
Lugonu accepts your kill.
No target in view! 2 jackals, a worm and an ogre come into view.
Found a scroll labelled XUMIAZ JOUGUJ.
The ogre shouts!
The jackal barks!
You sock the worm!
The worm is heavily wounded.
There are monsters nearby!
You hit the worm.
The worm is heavily wounded.
The worm bites you but does no damage. The jackal bites you.
You hit the worm.
The worm is severely wounded.
The jackal misses you. x2; The ogre barely misses you.
The worm bites you. The jackal misses you.
There are monsters nearby!
You hit the worm.
The worm is almost dead.
The jackal bites you but does no damage. x2
The ogre hits you with a +0 giant club!!
Ouch! That really hurt!
* * * LOW HITPOINT WARNING * * *
The jackal bites you.
* * * LOW HITPOINT WARNING * * *
The jackal closely misses you. The worm bites you.
You die...

.................>.....
#######...########.####
#.>## #.# # #..# #.# ##
###..# #.# #. #...##
#.# #. ......#.# #.# #.
[######h###### #.# #.
#..w@h.?...# #.###.
#....O.....# #.....
#..........# #.##..
#..........# #.##..
#..........# #.....
############ #.#..#
#..#.# ######.....
#...)......


You could see an ogre, a worm and 2 jackals.

Vanquished Creatures
  A worm (D:2)
  A dart slug (D:1)
  2 endoplasms
  4 hobgoblins
  6 jackals (D:1)
  2 quokkas (D:1)
  4 ball pythons
  5 bats
  A frilled lizard (D:1)
  5 goblins
  A kobold (D:1)
  4 rats (D:1)
36 creatures vanquished.

Notes
Turn   | Place    | Note
-------+----------+-------------------------------------------
     0 | Abyss:1  | kae the Demonspawn Abyssal Knight began the quest for the
                  | Orb.
     0 | Abyss:1  | Reached XP level 1. HP: 18/18 MP: 2/2
    19 | Abyss:1  | Found a corrupted altar of Lugonu.
    26 | D:1      | Escaped the Abyss
   498 | D:1      | Gained mutation: You are surrounded by a mild repulsion
                  | field. (EV +2) [demonic ancestry]
   498 | D:1      | Reached XP level 2. HP: 14/24 MP: 4/4
   682 | D:1      | Reached ** piety under Lugonu
  1252 | D:1      | Gained mutation: Your demonic aura sometimes causes spilled
                  | blood to erupt in flames. [demonic ancestry]
  1252 | D:1      | Reached XP level 3. HP: 29/29 MP: 5/5
  2055 | D:2      | Noticed an ogre
  2060 | D:2      | Slain by a worm

Illustrated notes

Levels and vault maps discovered:
D:1:      ebering_hopf_link, layout_basic, kennysheep_another_room
D:2:      layout_rooms, wad_floor_pattern_untrapped, grunt_decor_clamped,
          hangedman_abyss_or_decor_lesser_grid

Skill      XL: |  1  2 |
---------------+-------+-----
Maces & Flails | 2 |  2.8
Invocations    | 3 |  3.2
Fighting       | |  3.4
Armour         | |  1.7
Dodging        | |  0.8

Action                   || total
-------------------------++-------
Melee: Mace              ||   136
  Use: Scroll            ||     1
Armor: Leather armour    ||    54
Dodge: Dodged            ||   109

Table legend: (Time is in decaauts)
 A = Elapsed time spent in this place.
 B = Non-inter-level travel time spent in this place.
 C = Inter-level travel time spent in this place.
 D = Time resting spent in this place.
 E = Time spent auto-exploring this place.
 F = Levels seen in this place.
 G = Mean time per level.
                   A        B        C        D        E       F      G
               +--------+--------+--------+--------+--------+-----+--------+
         Total |   2098 |   2084 |     14 |    683 |   1084 |   3 |  699.3 |
       Dungeon |   2072 |   2058 |     14 |    683 |   1065 |   2 | 1036.0 |
         Abyss |     26 |     26 |      0 |      0 |     19 |   1 |   26.0 |
               +--------+--------+--------+--------+--------+-----+--------+

Top non-repeatable levels by time:
     D:1: 1499 daAuts
     D:2: 573 daAuts
 Abyss:1: 26 daAuts
